 Dungeon Crawl Stone Soup version 0.31-a0-818-ge7c7cf74f0 (webtiles) character file.

Game seed: 9025272830395750553

2908 arthad the Thaumaturge (level 9, -5/49 HPs)
             Began as a Deep Elf Earth Elementalist on Sept 22, 2023.
             Slain by a wyvern (15 damage)
             ... on level 6 of the Dungeon.
             The game lasted 00:12:45 (7068 turns).

arthad the Thaumaturge (DEEE)                       Turns: 7068, Time: 00:12:46

Health: -5/49      AC:  5    Str:  5    XL:     9   Next: 49%
Magic:  20/23      EV: 20    Int: 25    God:
Gold:   124        SH:  0    Dex: 15    Spells: 20/24 levels left

rFire   . . .        m - +2 dagger (drain)
rCold   . . .        (no shield)
rNeg    . . .        a - +0 robe
rPois   .            t - +1 helmet
rElec   .            i - +0 cloak
rCorr   .            (no gloves)
SInv    .            (no boots)
Will    .....        (no amulet)
Stlth   +++          k - +5 ring of evasion
HPRegen 0.28/turn    (no ring)
MPRegen 0.18/turn

%: no passive effects
@: no status effects
A: no striking features
a: no special abilities


You were on level 6 of the Dungeon.
You visited 1 branch of the dungeon, and saw 7 of its levels.
You also visited: Sewer.

You collected 280 gold pieces.
You spent 156 gold pieces at shops.

Inventory:

Hand Weapons
 m - a +2 dagger of draining (weapon)
 p - a +1 dagger of venom
 A - a +2 morningstar of freezing
Missiles
 o - 5 poisoned darts
Armour
 a - a +0 robe (worn)
 i - a +0 cloak (worn)
 t - a +1 helmet (worn)
 B - +0 steam dragon scales
Jewellery
 k - a +5 ring of evasion (left hand)
 z - an amulet of guardian spirit
Wands
 g - a wand of flame (5)
Scrolls
 c - a scroll of noise
 d - 4 scrolls of amnesia
 h - 6 scrolls of teleportation
 s - a scroll of revelation
 v - a scroll of immolation
 x - a scroll of vulnerability {unknown}
 y - a scroll of identify
Potions
 b - 2 potions of magic
 e - a potion of heal wounds
 f - a potion of attraction
 j - 2 potions of curing
 l - 2 potions of enlightenment
 n - 2 potions of haste
 q - a potion of brilliance {unknown}
 r - a potion of resistance {unknown}
 u - 3 potions of mutation {unknown}
 w - a potion of lignification {unknown}


   Skills:
 + Level 2.5 Fighting
 + Level 2.3 Armour
 + Level 6.1 Dodging
 + Level 6.6 Stealth
 * Level 8.0 Spellcasting
 * Level 4.7 Conjurations
 + Level 5.2 Transmutations
 * Level 7.0 Earth Magic


You had 20 spell levels left.
You knew the following spells:

 Your Spells              Type           Power      Damage    Failure   Level
a - Sandblast             Erth           90%        2d19      1%          1
b - Stone Arrow           Conj/Erth      78%        3d11      1%          3

Your spell library contained the following spells:

 Spells                   Type           Power      Damage    Failure   Level
 Passwall                 Tmut/Erth      33%        N/A       1%          2
 Kiss of Death            Conj/Necr      84%        2d11      2%          1
 Petrify                  Tmut/Erth      40%        N/A       4%          4
 Brom's Barrelling Bould  Conj/Erth      39%        2d6       5%          4
 Confusing Touch          Hex            10%        N/A       19%         3
 Dispel Undead            Necr           10%        3d9       52%         4


Dungeon Overview and Level Annotations

Branches:
Dungeon (7/15)             Temple (0/1) D:7           Sewer (visited)

Altars:
Fedhas
Yredelemnul

Shops:
D:1 [   D:5 :*[

Annotations:
D:5 3 runed translucent doors, Eustachio; ratmeat3's ghost, novice TrSh
D:7 Menkaure


Message History

There is a stone staircase leading up, spattered with blood here.
The orc warrior shoots an arrow.
The arrow closely misses you.
You hear a shout!
You climb upwards.
There is a stone staircase leading down here.
You start resting.
HP restored.
You start resting.
Magic restored.
You climb downwards.
Level annotation: Menkaure The orc wizard gestures at you while chanting.
You are confused.
There is a stone staircase leading up, spattered with blood here.
The orc throws a stone.
The stone misses you.
The wyvern hisses angrily.
The wyvern misses you.
You climb upwards.
There is a stone staircase leading down here.
You bump into the rock wall.
You feel less confused.
The wyvern bites you but does no damage.
The wyvern bites you!
The blast of sand hits the wyvern!
The wyvern is moderately wounded.
The wyvern barely misses you. The wyvern misses you.
The blast of sand hits the wyvern!
The wyvern is severely wounded.
The wyvern completely misses you. The wyvern bites you!
You are too injured to fight recklessly!
You are too injured to fight recklessly!
Aiming: Sandblast (safe; 1% risk of failure)
Press: ? - help, Q - select action, (/) - cycle Shift-Dir - straight line, f/p - wyvern
Aim: a wyvern (severely wounded, 85% to hit)
The blast of sand hits the wyvern.
The wyvern is almost dead.
The wyvern bites you!
* * * LOW HITPOINT WARNING * * *
The wyvern bites you!
You die...

.....##.#.# #.# ####.##.#.# #.#
........#.# ############# #.#
####.[###.# #...........# #.#
#....#.# #.#########.# #.#
####..#.#.# #.# #.# #.#
..........######.# #.## #.#
####.............# #####..###.#
#..#.#######.@#####...#..PPP.#
#..#........l......###..P.PPP#
#..#..######..###..# #..PP_PP#
####..................###..PPPPP#
..)..##..######..###.#[..#..PP..#
.###.##..######............###..#
.####..........................##
..........#####.####.#####...###
#.#####...# #.# #.........#


You could see a wyvern.

Vanquished Creatures
  Sigmund (D:3)
  2 steam dragons (D:7)
  A sky beast (D:7)
  3 ice beasts (D:6)
  3 black bears
  2 ogres (D:6)
  A phantom (D:5)
  2 kobold brigands (Sewer)
  3 bullfrogs
  A water moccasin zombie (D:5)
  5 wights (D:7)
  A water moccasin skeleton (D:5)
  2 howler monkeys
  3 jellies
  2 bullfrog zombies (D:5)
  2 hounds
  A gnoll bouda (D:5)
  4 iguanas
  3 orc wizards
  Ijyb (D:3)
  A scorpion zombie (D:5)
  3 hound zombies (D:5)
  13 gnolls
  14 adders
  2 river rats (Sewer)
  A shadow imp (D:5)
  An adder skeleton (D:5)
  A dart slug (D:1)
  5 orcs
  10 ball pythons
  7 bats
  6 endoplasms
  5 giant cockroaches
  19 goblins
  7 hobgoblins
  A jackal (Sewer)
  3 quokkas
  3 frilled lizards
  6 kobolds
  9 rats
160 creatures vanquished.

Notes
Turn   | Place    | Note
-------+----------+-------------------------------------------
     0 | D:1      | arthad the Deep Elf Earth Elementalist began the quest for
                  | the Orb.
     0 | D:1      | Reached XP level 1. HP: 10/10 MP: 6/6
   211 | D:1      | Found Dueqiwod's Armour Shop.
   325 | D:1      | Reached XP level 2. HP: 15/15 MP: 6/8
   995 | D:2      | Reached XP level 3. HP: 11/19 MP: 0/9
  1572 | D:2      | Reached XP level 4. HP: 24/24 MP: 8/11
  2205 | D:3      | Reached skill level 4 in Spellcasting
  2209 | D:3      | Learned a level 3 spell: Stone Arrow
  2519 | D:3      | Noticed Ijyb
  2527 | D:3      | Killed Ijyb
  2542 | D:3      | Found a glowing drain.
  2545 | D:3      | Reached XP level 5. HP: 21/28 MP: 7/13
  2553 | Sewer    | Entered a sewer
  3038 | Sewer    | Reached XP level 6. HP: 32/32 MP: 9/15
  3462 | D:3      | Noticed Sigmund
  3475 | D:3      | Killed Sigmund
  3476 | D:3      | Reached skill level 5 in Spellcasting
  4463 | D:4      | Reached XP level 7. HP: 36/36 MP: 13/16
  4578 | D:5      | Entered Level 5 of the Dungeon
  4583 | D:5      | Reached skill level 5 in Stealth
  4583 | D:5      | Reached skill level 5 in Earth Magic
  4712 | D:5      | Reached skill level 1 in Conjurations
  4715 | D:5      | Reached skill level 5 in Dodging
  4830 | D:5      | Noticed a yak
  4870 | D:5      | Found Qyeheg's Antique Armour Boutique.
  4870 | D:5      | Found Ycveoc Pufa's Assorted Antiques.
  4870 | D:5      | Found Biogudgh's Book Boutique.
  5005 | D:5      | Reached skill level 6 in Spellcasting
  5055 | D:5      | Found a runed translucent gate.
  5055 | D:5      | Found a runed translucent gate.
  5055 | D:5      | Found a runed translucent gate.
  5055 | D:5      | Noticed ratmeat3's ghost (novice TrSh)
  5057 | D:5      | Found a basalt altar of Yredelemnul.
  5068 | D:5      | Reached skill level 1 in Armour
  5068 | D:5      | Reached XP level 8. HP: 42/42 MP: 13/19
  5121 | D:5      | Reached skill level 1 in Fighting
  5303 | D:5      | Bought a scroll labelled RAASTROU UVARE for 24 gold pieces
  5303 | D:5      | Bought 2 scrolls labelled TUSUBBU HIAPPI for 48 gold pieces
  5303 | D:5      | Bought a glowing pink potion for 21 gold pieces
  5303 | D:5      | Bought a pink potion for 21 gold pieces
  5303 | D:5      | Bought a coppery potion for 21 gold pieces
  5303 | D:5      | Bought a coppery potion for 21 gold pieces
  5443 | D:5      | Noticed Eustachio
  6009 | D:6      | Found a blossoming altar of Fedhas.
  6023 | D:6      | Reached skill level 7 in Spellcasting
  6178 | D:6      | Reached XP level 9. HP: 34/48 MP: 11/21
  6662 | D:7      | Found a staircase to the Ecumenical Temple.
  6672 | D:7      | Noticed Menkaure
  6805 | D:6      | Reached skill level 5 in Transmutations
  7014 | D:7      | Reached skill level 8 in Spellcasting
  7068 | D:6      | Slain by a wyvern

Illustrated notes

Levels and vault maps discovered:
D:1:      scummos_arrival_simple_fountains, layout_basic, serial_shops, shop,
          chequers_mini_garden
D:2:      minmay_recursive_quarters, layout_loops_ring
D:3:      layout_basic, portal_sewer_entry_d, minmay_misc_feat_rugged,
          amethyst_killhole, kennysheep_boxes, uniq_sigmund, uniq_ijyb
D:4:      layout_loops_ring, minivault_25
D:5:      layout_loops_corners, nicolae_yredelemnul_ghost_church, serial_undead,
          serial_undead_b, serial_undead_a, serial_undead_c, serial_undead_f,
          nicolae_shop_distant_corner_stores, uniq_eustachio, uniq_grinder
D:6:      layout_loops_ring, fedhas_altar_3, minmay_ogre_servants
D:7:      layout_cave_pools, minmay_temple_entry_glass, hangedman_misty_isle,
          uniq_menkaure

Skill      XL: |  1  2  3  4  5  6  7  8  9 |
---------------+----------------------------+-----
Stealth        | 3 4 5 6 |  6.6
Dodging        | 3 4 5 6 |  6.1
Transmutations | 2 3 4 5 |  5.2
Spellcasting   | 4 5 6 7 8 |  8.0
Earth Magic    | 4 5 6 7 |  7.0
Conjurations   | 1 3 4 |  4.7
Armour         | 1 2 |  2.3
Fighting       | 1 2 |  2.5

Action                     |  1- 3 |  4- 6 |  7- 9 || total
---------------------------+-------+-------+-------++-------
  Melee: Dagger            |       |    21 |       ||    21
         Punch             |       |     1 |       ||     1
  Throw: Dart              |       |     3 |       ||     3
   Cast: Sandblast         |    54 |    73 |   159 ||   286
         Stone Arrow       |       |       |     3 ||     3
    Use: Scroll            |       |     7 |     5 ||    12
         Potion            |       |     1 |     2 ||     3
 Armour: Robe              |     8 |    15 |    47 ||    70
  Dodge: Dodged            |    17 |    23 |   114 ||   154

Table legend: (Time is in decaauts)
 A = Elapsed time spent in this place.
 B = Non-inter-level travel time spent in this place.
 C = Inter-level travel time spent in this place.
 D = Time resting spent in this place.
 E = Time spent auto-exploring this place.
 F = Levels seen in this place.
 G = Mean time per level.
                   A        B        C        D        E       F      G
               +--------+--------+--------+--------+--------+-----+--------+
         Total |   7359 |   7061 |    298 |     41 |   5884 |   8 |  919.9 |
       Dungeon |   6455 |   6157 |    298 |     41 |   5193 |   7 |  922.1 |
         Sewer |    903 |    903 |      0 |      0 |    690 |   1 |  903.0 |
               +--------+--------+--------+--------+--------+-----+--------+

Top non-repeatable levels by time:
     D:2: 1244 daAuts
     D:6: 1158 daAuts
     D:3: 1069 daAuts
     D:5: 1047 daAuts
     D:1: 990 daAuts
   Sewer: 903 daAuts
     D:4: 790 daAuts
     D:7: 155 daAuts
